[ AOE2 MATCH · #488013933 ]
UnrankedKhmer vs Armenians
[ REPLAY ANALYSIS · EXTRACTED FROM THE RECORDED GAME ]
Feudal
10:06
Castle
16:59
Imperial
41:20
| APM avg | 56.0 |
| APM peak | 162 |
| eAPM avg | 35.5 |
| Villagers / military | 190 / 187 |
Focus
⚔️ 20.4% · 🌾 79.6%
Ballista Elephant ×66 · Scout Cavalry ×59 · Battle Elephant ×52 · Knight ×10
Feudal
11:59
Castle
16:24
Imperial
49:39
| APM avg | 38.5 |
| APM peak | 71 |
| eAPM avg | 21.2 |
| Villagers / military | 121 / 103 |
Focus
⚔️ 24.7% · 🌾 75.3%
Monk ×77 · Battering Ram ×26
Feudal
10:19
Castle
15:21
Imperial
34:09
| APM avg | 46.1 |
| APM peak | 126 |
| eAPM avg | 21.6 |
| Villagers / military | 139 / 232 |
Focus
⚔️ 46.5% · 🌾 53.5%
Cavalry Archer ×116 · Scout Cavalry ×115 · Skirmisher ×1
Feudal
10:21
Castle
23:59
Imperial
37:03
| APM avg | 49.2 |
| APM peak | 105 |
| eAPM avg | 24.2 |
| Villagers / military | 145 / 215 |
Focus
⚔️ 42.8% · 🌾 57.2%
Skirmisher ×140 · Archer ×49 · Mameluke ×14 · Bombard Cannon ×5 · Spearman ×3 · Monk ×2
Feudal
11:20
Castle
15:18
Imperial
34:57
| APM avg | 47.3 |
| APM peak | 99 |
| eAPM avg | 25.8 |
| Villagers / military | 171 / 77 |
Focus
⚔️ 32.7% · 🌾 67.3%
Spearman ×40 · Bombard Cannon ×25 · Mangonel ×5 · Monk ×3 · Trebuchet (Packed) ×2 · Scorpion ×1
Feudal
11:20
Castle
16:01
Imperial
37:12
| APM avg | 64.9 |
| APM peak | 126 |
| eAPM avg | 35.7 |
| Villagers / military | 125 / 253 |
Focus
⚔️ 24.3% · 🌾 75.7%
Knight ×252 · Monk ×1
Feudal
11:33
Castle
17:43
Imperial
33:21
| APM avg | 40.2 |
| APM peak | 192 |
| eAPM avg | 21.3 |
| Villagers / military | 145 / 143 |
Focus
⚔️ 41.9% · 🌾 58.1%
Magyar Huszar ×83 · Cavalry Archer ×53 · Trebuchet (Packed) ×5 · Archer ×2
Feudal
13:39
Castle
25:22
Imperial
37:54
| APM avg | 30.0 |
| APM peak | 78 |
| eAPM avg | 19.4 |
| Villagers / military | 145 / 22 |
Focus
⚔️ 22.1% · 🌾 77.9%
Bombard Cannon ×15 · Spearman ×7
Match map
Initial resources + every placement click. Lines = walls · curves = elevation contours. ◆ gold · ⬟ stone · ● berries · ✦ relic · ◌ wall gap
Your base· ✓ Closed at 16:59 · 0t walls · no gate
CTM | Crawly94's base· ✓ Closed at 16:24 · 14t walls · no gate
Сергей Петрович's base· ✓ Closed at 15:21 · 0t walls · no gate
CTM | Benja FC's base· ✓ Closed at 23:59 · 0t walls · no gate
Zaphod's base· ✓ Closed at 15:18 · 27t walls · 1 gate(s)
Ux' Krupjm's base· ✓ Closed at 16:01 · 0t walls · no gate
ost.nostalgia's base· ✓ Closed at 17:43 · 4t walls · 1 gate(s)
HernanJC's base· ✓ Closed at 25:22 · 28t walls · no gate
Smoothed initial terrain · ◌ = detected wall gap · hover for details
Inputs per minute
— «I ↔¾♣ - - CTM | Crawly94
Build order — «I ↔¾♣
First 150 of 704 actions detected
| 0:01 | Create | Villager (Male) |
| 0:01 | Create | Villager (Male) |
| 0:02 | Create | Villager (Male) |
| 0:05 | Build | House |
| 0:13 | Create | Villager (Male) |
| 0:13 | Create | Villager (Male) |
| 0:20 | Build | House |
| 0:21 | Build | House |
| 0:21 | Build | House |
| 0:21 | Build | House |
| 0:21 | Build | House |
| 0:21 | Build | House |
| 1:31 | Research | Loom |
| 1:31 | Create | Villager (Male) |
| 1:31 | Create | Villager (Male) |
| 2:07 | Create | Villager (Male) |
| 2:08 | Create | Villager (Male) |
| 2:38 | Create | Villager (Male) |
| 2:38 | Create | Villager (Male) |
| 2:39 | Create | Villager (Male) |
| 3:20 | Create | Villager (Male) |
| 3:20 | Create | Villager (Male) |
| 3:41 | Create | Villager (Male) |
| 3:42 | Create | Villager (Male) |
| 3:42 | Create | Villager (Male) |
| 4:52 | Create | Villager (Male) |
| 4:52 | Create | Villager (Male) |
| 4:52 | Create | Villager (Male) |
| 5:08 | Build | Lumber Camp |
| 5:40 | Create | Villager (Male) |
| 5:40 | Create | Villager (Male) |
| 5:58 | Create | Villager (Male) |
| 5:58 | Create | Villager (Male) |
| 5:59 | Create | Villager (Male) |
| 5:59 | Create | Villager (Male) |
| 5:59 | Create | Villager (Male) |
| 6:05 | Create | Villager (Male) |
| 6:05 | Create | Villager (Male) |
| 6:42 | Create | Villager (Male) |
| 6:43 | Create | Villager (Male) |
| 6:43 | Create | Villager (Male) |
| 7:56 | Research | Feudal Age |
| 7:57 | Research | Feudal Age |
| 8:59 | Build | House |
| 8:59 | Build | House |
| 8:59 | Build | House |
| 9:00 | Build | House |
| 9:00 | Build | House |
| 9:00 | Build | House |
| 9:01 | Build | House |
| 9:01 | Build | House |
| 9:41 | Create | Villager (Male) |
| 9:41 | Create | Villager (Male) |
| 9:41 | Create | Villager (Male) |
| 9:48 | Create | Villager (Male) |
| 9:52 | Build | Mining Camp |
| 10:00 | Build | Mill |
| 10:06 | Age | Feudal Age |
| 10:37 | Build | Mill |
| 11:48 | Create | Villager (Male) |
| 11:49 | Create | Villager (Male) |
| 11:50 | Create | Villager (Male) |
| 12:53 | Create | Villager (Male) |
| 13:01 | Research | Horse Collar |
| 13:01 | Research | Horse Collar |
| 13:11 | Build | Mining Camp |
| 13:18 | Create | Villager (Male) |
| 13:24 | Build | Farm |
| 13:25 | Build | Farm |
| 13:25 | Build | Farm |
| 13:26 | Build | Farm |
| 13:26 | Build | Farm |
| 13:26 | Build | Farm |
| 13:27 | Build | Farm |
| 13:27 | Build | Farm |
| 13:27 | Build | Farm |
| 13:27 | Build | Farm |
| 13:27 | Build | Farm |
| 13:28 | Build | Farm |
| 13:28 | Build | Farm |
| 13:28 | Build | Farm |
| 13:28 | Build | Farm |
| 13:29 | Build | Farm |
| 13:29 | Build | Farm |
| 13:29 | Build | Farm |
| 13:29 | Build | Farm |
| 13:30 | Build | Farm |
| 13:30 | Build | Farm |
| 13:30 | Build | Farm |
| 13:30 | Build | Farm |
| 13:30 | Build | Farm |
| 13:31 | Build | Farm |
| 13:31 | Build | Farm |
| 13:31 | Build | Farm |
| 13:31 | Build | Farm |
| 13:31 | Build | Farm |
| 13:32 | Build | Farm |
| 13:32 | Build | Farm |
| 13:32 | Build | Farm |
| 13:32 | Build | Farm |
| 13:32 | Build | Farm |
| 13:33 | Build | Farm |
| 13:33 | Build | Farm |
| 13:33 | Build | Farm |
| 14:19 | Research | Castle Age |
| 14:19 | Research | Castle Age |
| 16:41 | Create | Villager (Male) |
| 16:42 | Create | Villager (Male) |
| 16:49 | Create | Villager (Male) |
| 16:59 | Age | Castle Age |
| 17:08 | Build | Castle |
| 17:11 | Create | Villager (Male) |
| 18:23 | Research | Double-Bit Axe |
| 18:30 | Build | Farm |
| 18:31 | Build | Farm |
| 18:31 | Build | Farm |
| 18:31 | Build | Farm |
| 18:32 | Build | Farm |
| 18:32 | Build | Farm |
| 18:32 | Build | Farm |
| 18:32 | Build | Farm |
| 18:52 | Create | Villager (Male) |
| 18:52 | Create | Villager (Male) |
| 19:32 | Create | Ballista Elephant |
| 19:32 | Create | Ballista Elephant |
| 19:33 | Create | Ballista Elephant |
| 19:38 | Build | Lumber Camp |
| 19:43 | Create | Ballista Elephant |
| 19:43 | Create | Ballista Elephant |
| 19:52 | Build | Farm |
| 20:00 | Create | Villager (Male) |
| 20:28 | Create | Ballista Elephant |
| 20:29 | Create | Ballista Elephant |
| 20:35 | Build | Farm |
| 20:35 | Build | Farm |
| 20:35 | Build | Farm |
| 20:36 | Build | Farm |
| 20:36 | Build | Farm |
| 20:37 | Build | Farm |
| 20:37 | Build | Farm |
| 20:37 | Build | Farm |
| 20:38 | Build | Farm |
| 20:38 | Build | Farm |
| 20:44 | Build | Farm |
| 21:08 | Create | Ballista Elephant |
| 21:08 | Create | Ballista Elephant |
| 21:41 | Build | Stable |
| 21:44 | Create | Ballista Elephant |
| 21:44 | Create | Ballista Elephant |
| 22:08 | Create | Ballista Elephant |
Build order — CTM | Crawly94
First 150 of 352 actions detected
| 0:00 | Create | Villager (Male) |
| 0:01 | Create | Villager (Male) |
| 0:02 | Build | House |
| 0:03 | Build | House |
| 0:03 | Create | Villager (Male) |
| 0:03 | Create | Villager (Male) |
| 0:31 | Research | Loom |
| 0:47 | Create | Villager (Male) |
| 0:47 | Create | Villager (Male) |
| 1:00 | Build | House |
| 1:03 | Build | Palisade Wall |
| 1:46 | Create | Villager (Male) |
| 2:15 | Create | Villager (Male) |
| 2:48 | Create | Villager (Male) |
| 3:17 | Create | Villager (Male) |
| 3:17 | Create | Villager (Male) |
| 3:18 | Create | Villager (Male) |
| 3:31 | Build | Mill |
| 4:09 | Create | Villager (Male) |
| 4:09 | Create | Villager (Male) |
| 4:09 | Create | Villager (Male) |
| 4:41 | Build | House |
| 4:52 | Create | Villager (Male) |
| 4:52 | Create | Villager (Male) |
| 5:35 | Create | Villager (Male) |
| 5:36 | Create | Villager (Male) |
| 5:36 | Create | Villager (Male) |
| 5:50 | Create | Villager (Male) |
| 7:13 | Build | Mule Cart |
| 7:18 | Build | House |
| 8:14 | Create | Villager (Male) |
| 8:42 | Create | Villager (Male) |
| 9:01 | Build | Mule Cart |
| 9:15 | Create | Villager (Male) |
| 9:49 | Research | Feudal Age |
| 9:56 | Build | House |
| 10:34 | Create | Villager (Male) |
| 11:59 | Age | Feudal Age |
| 12:03 | Build | Market |
| 12:06 | Build | Blacksmith |
| 12:31 | Build | Stone Wall |
| 12:34 | Build | Stone Wall |
| 12:38 | Build | Stone Wall |
| 13:26 | Build | Stone Wall |
| 13:44 | Research | Castle Age |
| 15:12 | Build | Farm |
| 15:12 | Build | Farm |
| 15:12 | Build | Farm |
| 15:15 | Build | Farm |
| 15:20 | Build | Farm |
| 16:24 | Age | Castle Age |
| 16:26 | Build | Monastery |
| 16:30 | Build | Monastery |
| 16:34 | Create | Villager (Male) |
| 17:03 | Build | Farm |
| 17:05 | Create | Villager (Male) |
| 17:10 | Create | Monk |
| 17:15 | Create | Monk |
| 17:25 | Build | Siege Workshop |
| 17:30 | Build | House |
| 17:42 | Create | Villager (Male) |
| 17:53 | Research | Sanctity |
| 17:54 | Research | Fervor |
| 18:27 | Create | Villager (Male) |
| 18:31 | Research | Double-Bit Axe |
| 18:37 | Create | Monk |
| 19:01 | Create | Battering Ram |
| 19:06 | Create | Monk |
| 19:07 | Create | Monk |
| 19:24 | Build | Farm |
| 19:26 | Create | Villager (Male) |
| 19:26 | Create | Villager (Male) |
| 19:56 | Create | Villager (Male) |
| 20:07 | Build | Farm |
| 20:28 | Create | Monk |
| 20:28 | Create | Monk |
| 20:34 | Create | Villager (Male) |
| 20:48 | Create | Villager (Male) |
| 21:12 | Build | House |
| 21:13 | Build | House |
| 21:13 | Build | House |
| 21:13 | Build | House |
| 21:15 | Build | Farm |
| 21:51 | Create | Villager (Male) |
| 21:56 | Create | Battering Ram |
| 22:10 | Create | Monk |
| 22:10 | Create | Monk |
| 22:30 | Create | Villager (Male) |
| 22:31 | Create | Villager (Male) |
| 22:34 | Build | Farm |
| 22:45 | Create | Battering Ram |
| 22:54 | Research | Fletching |
| 23:43 | Research | Redemption |
| 23:46 | Create | Villager (Male) |
| 23:46 | Create | Villager (Male) |
| 24:05 | Create | Villager (Male) |
| 24:36 | Create | Villager (Male) |
| 25:31 | Build | Stone Wall |
| 25:41 | Create | Villager (Male) |
| 25:42 | Create | Monk |
| 25:43 | Create | Villager (Male) |
| 25:43 | Create | Villager (Male) |
| 25:44 | Create | Villager (Male) |
| 26:27 | Create | Monk |
| 26:29 | Create | Villager (Male) |
| 26:35 | Build | Monastery |
| 27:04 | Build | Stone Wall |
| 27:16 | Create | Villager (Male) |
| 27:16 | Create | Villager (Male) |
| 27:30 | Build | Mule Cart |
| 27:40 | Build | Town Center |
| 27:43 | Build | Town Center |
| 27:47 | Create | Villager (Male) |
| 28:07 | Create | Monk |
| 28:07 | Create | Monk |
| 28:22 | Build | Gate |
| 29:02 | Build | House |
| 29:04 | Build | House |
| 29:05 | Build | House |
| 29:05 | Build | House |
| 29:10 | Create | Monk |
| 29:10 | Create | Monk |
| 29:11 | Create | Monk |
| 29:19 | Build | Farm |
| 29:19 | Build | Farm |
| 29:20 | Build | Farm |
| 29:20 | Build | Farm |
| 29:25 | Build | Farm |
| 29:25 | Build | Farm |
| 29:25 | Build | Farm |
| 29:42 | Create | Monk |
| 29:42 | Create | Monk |
| 30:20 | Build | Monastery |
| 30:24 | Create | Villager (Male) |
| 30:33 | Create | Villager (Male) |
| 30:37 | Create | Villager (Male) |
| 30:37 | Create | Villager (Male) |
| 30:37 | Create | Villager (Male) |
| 30:38 | Create | Villager (Male) |
| 31:05 | Create | Villager (Male) |
| 31:37 | Create | Villager (Male) |
| 31:37 | Create | Villager (Male) |
| 31:42 | Build | Farm |
| 31:42 | Build | Farm |
| 31:43 | Create | Villager (Male) |
| 31:46 | Build | Farm |
| 31:47 | Build | Farm |
| 32:06 | Create | Villager (Male) |
| 32:12 | Build | Mule Cart |
| 32:27 | Create | Villager (Male) |
Build order — Сергей Петрович
First 150 of 507 actions detected
| 0:01 | Create | Villager (Male) |
| 0:01 | Create | Villager (Male) |
| 0:01 | Create | Villager (Male) |
| 0:17 | Create | Villager (Male) |
| 0:17 | Create | Villager (Male) |
| 1:18 | Create | Villager (Male) |
| 2:18 | Create | Villager (Male) ×2 |
| 2:56 | Build | Lumber Camp |
| 3:09 | Create | Villager (Male) |
| 3:10 | Create | Villager (Male) |
| 3:39 | Create | Villager (Male) |
| 3:40 | Create | Villager (Male) |
| 4:21 | Create | Villager (Male) |
| 4:22 | Create | Villager (Male) |
| 5:08 | Create | Villager (Male) |
| 5:26 | Create | Villager (Male) |
| 5:53 | Build | Mill |
| 6:04 | Create | Villager (Male) |
| 6:29 | Create | Villager (Male) |
| 6:29 | Create | Villager (Male) |
| 7:10 | Create | Villager (Male) |
| 7:10 | Create | Villager (Male) |
| 8:04 | Create | Villager (Male) |
| 8:08 | Research | Feudal Age |
| 9:09 | Build | Mining Camp |
| 9:27 | Create | Villager (Male) |
| 9:27 | Create | Villager (Male) |
| 10:19 | Age | Feudal Age |
| 10:22 | Build | Market |
| 10:27 | Build | Blacksmith |
| 11:24 | Create | Villager (Male) |
| 11:25 | Create | Villager (Male) |
| 11:40 | Build | Mill |
| 11:54 | Build | Farm |
| 12:14 | Create | Villager (Male) |
| 12:18 | Build | Farm |
| 12:41 | Research | Castle Age |
| 13:12 | Research | Double-Bit Axe |
| 13:38 | Build | Farm |
| 13:41 | Create | Villager (Male) |
| 13:41 | Create | Villager (Male) |
| 15:21 | Age | Castle Age |
| 15:21 | Create | Villager (Male) |
| 15:29 | Build | Town Center |
| 15:31 | Create | Villager (Male) |
| 15:37 | Build | Barracks |
| 15:50 | Build | Farm |
| 15:52 | Research | Horse Collar |
| 16:16 | Create | Villager (Male) |
| 16:19 | Build | Archery Range |
| 16:34 | Create | Villager (Male) |
| 16:36 | Build | Farm |
| 16:42 | Build | Archery Range |
| 16:43 | Create | Villager (Male) |
| 16:53 | Create | Villager (Male) |
| 16:57 | Create | Villager (Male) |
| 17:03 | Build | Gate |
| 17:07 | Build | Stone Wall |
| 17:12 | Build | Stone Wall |
| 17:13 | Build | Stone Wall |
| 17:18 | Create | Villager (Male) |
| 17:19 | Create | Cavalry Archer |
| 17:19 | Create | Cavalry Archer |
| 17:20 | Create | Villager (Male) |
| 17:29 | Create | Villager (Male) |
| 17:38 | Build | Farm |
| 17:38 | Create | Villager (Male) |
| 17:41 | Build | Farm |
| 17:41 | Build | Farm |
| 17:41 | Build | Farm |
| 17:42 | Create | Villager (Male) |
| 17:53 | Create | Villager (Male) |
| 18:13 | Create | Cavalry Archer |
| 18:13 | Create | Cavalry Archer |
| 18:14 | Create | Villager (Male) |
| 18:19 | Build | Farm |
| 18:24 | Build | Farm |
| 18:24 | Build | Farm |
| 18:26 | Create | Villager (Male) |
| 18:27 | Create | Cavalry Archer |
| 18:40 | Create | Cavalry Archer |
| 18:40 | Create | Cavalry Archer |
| 18:52 | Create | Cavalry Archer |
| 18:58 | Create | Villager (Male) ×4 |
| 19:02 | Build | Farm |
| 19:03 | Build | Farm |
| 19:03 | Create | Villager (Male) |
| 19:14 | Create | Cavalry Archer |
| 19:15 | Create | Villager (Male) |
| 19:41 | Research | Fletching |
| 19:43 | Create | Cavalry Archer |
| 19:54 | Create | Cavalry Archer |
| 19:55 | Create | Cavalry Archer |
| 19:56 | Create | Villager (Male) |
| 19:56 | Create | Villager (Male) |
| 20:18 | Create | Villager (Male) |
| 20:18 | Create | Villager (Male) |
| 20:21 | Build | Farm |
| 20:22 | Build | Farm |
| 20:23 | Create | Villager (Male) |
| 20:28 | Create | Cavalry Archer |
| 20:29 | Create | Cavalry Archer |
| 20:57 | Create | Villager (Male) |
| 21:01 | Create | Villager (Male) ×2 |
| 21:03 | Build | Farm |
| 21:04 | Build | Farm |
| 21:13 | Create | Villager (Male) ×2 |
| 21:20 | Build | Mining Camp |
| 21:39 | Build | Mill |
| 21:39 | Build | Farm |
| 21:40 | Build | Farm |
| 21:40 | Build | Farm |
| 21:40 | Build | Farm |
| 21:40 | Build | Farm |
| 21:41 | Build | Farm |
| 21:41 | Build | Farm |
| 21:43 | Research | Heavy Plow |
| 21:50 | Build | Farm |
| 21:51 | Create | Villager (Male) |
| 21:54 | Build | Farm |
| 22:21 | Create | Villager (Male) |
| 22:29 | Build | Farm |
| 22:30 | Build | Farm |
| 22:31 | Create | Villager (Male) |
| 22:42 | Research | Wheelbarrow |
| 22:43 | Research | Wheelbarrow |
| 23:09 | Build | Town Center |
| 23:10 | Create | Villager (Male) ×4 |
| 23:30 | Create | Villager (Male) ×3 |
| 23:35 | Build | Farm |
| 23:35 | Create | Villager (Male) |
| 23:43 | Build | Farm |
| 23:44 | Build | Farm |
| 23:44 | Build | Farm |
| 23:44 | Build | Farm |
| 23:45 | Create | Villager (Male) |
| 23:49 | Create | Villager (Male) |
| 23:49 | Create | Villager (Male) |
| 23:55 | Create | Villager (Male) |
| 24:19 | Create | Villager (Male) |
| 24:25 | Create | Villager (Male) |
| 24:41 | Build | Town Center |
| 24:45 | Create | Villager (Male) |
| 24:48 | Create | Villager (Male) |
| 25:06 | Create | Villager (Male) |
| 25:06 | Create | Villager (Male) |
| 25:06 | Create | Villager (Male) |
| 25:06 | Create | Villager (Male) |
| 25:07 | Create | Villager (Male) |
| 25:07 | Create | Villager (Male) |
Build order — CTM | Benja FC
First 150 of 552 actions detected
| 0:01 | Create | Villager (Male) |
| 0:03 | Build | House |
| 0:04 | Build | House |
| 0:07 | Create | Villager (Male) |
| 0:31 | Create | Villager (Male) |
| 0:37 | Create | Villager (Male) |
| 1:24 | Create | Villager (Male) |
| 2:13 | Research | Loom |
| 2:16 | Create | Villager (Male) |
| 2:43 | Create | Villager (Male) |
| 3:20 | Create | Villager (Male) |
| 3:20 | Create | Villager (Male) |
| 3:21 | Create | Villager (Male) |
| 4:04 | Build | Lumber Camp |
| 4:13 | Create | Villager (Male) |
| 4:20 | Create | Villager (Male) |
| 4:32 | Build | House |
| 4:35 | Build | House |
| 4:49 | Create | Villager (Male) |
| 5:29 | Create | Villager (Male) |
| 5:40 | Create | Villager (Male) |
| 5:50 | Create | Villager (Male) |
| 6:28 | Create | Villager (Male) |
| 6:35 | Create | Villager (Male) |
| 6:50 | Create | Villager (Male) |
| 7:10 | Build | Barracks |
| 7:16 | Create | Villager (Male) |
| 7:42 | Create | Villager (Male) |
| 8:11 | Research | Feudal Age |
| 8:11 | Research | Feudal Age |
| 8:16 | Build | House |
| 8:27 | Build | Mining Camp |
| 9:23 | Create | Villager (Male) |
| 9:50 | Create | Villager (Male) |
| 10:21 | Age | Feudal Age |
| 10:23 | Build | Archery Range |
| 10:23 | Create | Villager (Male) |
| 10:29 | Research | Double-Bit Axe |
| 10:54 | Create | Villager (Male) |
| 11:16 | Create | Archer |
| 11:20 | Build | Archery Range |
| 11:24 | Create | Archer |
| 11:25 | Create | Villager (Male) |
| 11:29 | Build | House |
| 11:53 | Create | Archer |
| 11:57 | Create | Archer |
| 12:00 | Create | Villager (Male) |
| 12:02 | Build | Blacksmith |
| 12:17 | Create | Archer |
| 12:22 | Build | Mill |
| 12:33 | Build | House |
| 12:35 | Create | Archer |
| 12:55 | Create | Villager (Male) |
| 12:56 | Create | Villager (Male) |
| 13:01 | Build | House |
| 13:11 | Create | Archer |
| 13:11 | Create | Archer |
| 13:20 | Build | Mill |
| 13:37 | Create | Archer |
| 13:37 | Create | Archer |
| 13:48 | Research | Fletching |
| 13:49 | Research | Fletching |
| 14:00 | Build | House |
| 14:05 | Create | Archer |
| 14:19 | Create | Archer |
| 14:19 | Create | Archer |
| 14:37 | Create | Archer |
| 14:37 | Create | Archer |
| 15:01 | Build | House |
| 15:14 | Create | Archer |
| 15:19 | Create | Archer |
| 15:19 | Create | Archer |
| 15:25 | Create | Archer |
| 15:26 | Create | Villager (Male) |
| 15:45 | Create | Archer |
| 15:45 | Create | Archer |
| 16:13 | Create | Archer |
| 16:15 | Create | Villager (Male) |
| 16:19 | Create | Villager (Male) |
| 16:22 | Create | Archer |
| 16:22 | Create | Archer |
| 16:22 | Create | Archer |
| 16:39 | Create | Villager (Male) |
| 16:41 | Create | Archer |
| 16:47 | Create | Villager (Male) |
| 16:50 | Build | Farm |
| 16:53 | Create | Archer |
| 17:06 | Create | Archer |
| 17:13 | Create | Archer |
| 17:28 | Create | Villager (Male) |
| 17:28 | Research | Padded Archer Armor |
| 17:30 | Build | Farm |
| 17:45 | Create | Archer |
| 18:03 | Create | Villager (Male) |
| 18:06 | Build | Farm |
| 18:06 | Build | Farm |
| 18:07 | Build | Farm |
| 18:19 | Create | Villager (Male) |
| 18:22 | Build | Farm |
| 18:23 | Build | Farm |
| 18:23 | Build | Farm |
| 18:23 | Build | Farm |
| 18:23 | Build | Farm |
| 18:24 | Build | Farm |
| 18:24 | Build | Farm |
| 18:40 | Create | Archer |
| 18:41 | Create | Villager (Male) |
| 18:43 | Build | House |
| 18:44 | Build | House |
| 18:44 | Build | House |
| 19:37 | Build | Farm |
| 19:56 | Create | Archer |
| 20:04 | Create | Villager (Male) |
| 20:15 | Create | Villager (Male) |
| 20:22 | Build | Lumber Camp |
| 20:29 | Create | Villager (Male) |
| 20:37 | Build | Market |
| 21:05 | Research | Castle Age |
| 21:06 | Create | Villager (Male) |
| 21:13 | Create | Villager (Male) |
| 21:21 | Build | House |
| 21:25 | Create | Archer |
| 21:25 | Create | Archer |
| 21:26 | Create | Archer |
| 21:26 | Create | Archer |
| 21:27 | Create | Villager (Male) |
| 21:32 | Build | House |
| 21:33 | Build | House |
| 21:38 | Research | Horse Collar |
| 21:44 | Create | Archer |
| 21:44 | Create | Archer |
| 21:45 | Create | Archer |
| 22:16 | Create | Archer |
| 22:17 | Create | Archer |
| 22:18 | Create | Villager (Male) |
| 22:59 | Create | Villager (Male) |
| 23:23 | Build | House |
| 23:33 | Research | Gold Mining |
| 23:47 | Create | Archer |
| 23:52 | Create | Villager (Male) |
| 23:59 | Age | Castle Age |
| 24:01 | Build | Town Center |
| 24:09 | Research | Heavy Plow |
| 24:10 | Research | Bow Saw |
| 24:10 | Research | Bow Saw |
| 24:15 | Research | Crossbowman (upgrade) |
| 24:27 | Build | House |
| 24:30 | Create | Archer |
| 24:31 | Create | Villager (Male) |
| 25:00 | Build | Siege Workshop |
Build order — Zaphod
First 150 of 410 actions detected
| 0:01 | Create | Villager (Male) |
| 0:01 | Create | Villager (Male) |
| 0:05 | Research | Loom |
| 0:08 | Build | House |
| 0:09 | Create | Villager (Male) |
| 0:09 | Create | Villager (Male) |
| 0:11 | Build | House |
| 0:48 | Build | Palisade Wall |
| 1:26 | Create | Villager (Male) |
| 1:29 | Create | Villager (Male) |
| 2:24 | Build | Palisade Wall |
| 2:27 | Build | Palisade Wall |
| 2:28 | Create | Villager (Male) |
| 2:56 | Build | House |
| 2:59 | Create | Villager (Male) |
| 3:23 | Create | Villager (Male) |
| 3:50 | Build | Lumber Camp |
| 3:55 | Create | Villager (Male) |
| 4:23 | Create | Villager (Male) |
| 4:54 | Create | Villager (Male) |
| 5:14 | Build | House |
| 5:22 | Create | Villager (Male) |
| 5:42 | Create | Villager (Male) |
| 5:58 | Build | House |
| 6:06 | Create | Villager (Male) |
| 6:07 | Create | Villager (Male) |
| 6:56 | Create | Villager (Male) |
| 7:03 | Build | Mill |
| 7:07 | Create | Villager (Male) |
| 7:29 | Create | Villager (Male) |
| 7:47 | Create | Villager (Male) |
| 7:50 | Build | Mill |
| 8:17 | Create | Villager (Male) |
| 8:44 | Build | Mining Camp |
| 8:59 | Build | House |
| 9:10 | Research | Feudal Age |
| 9:33 | Create | Villager (Male) |
| 10:02 | Create | Villager (Male) |
| 11:20 | Age | Feudal Age |
| 11:26 | Build | Market |
| 11:28 | Build | Blacksmith |
| 12:13 | Create | Villager (Male) |
| 12:34 | Research | Castle Age |
| 13:11 | Research | Double-Bit Axe |
| 13:52 | Create | Villager (Male) |
| 13:55 | Create | Villager (Male) |
| 14:38 | Build | Stone Wall |
| 14:43 | Build | Stone Wall |
| 14:47 | Create | Villager (Male) |
| 15:07 | Build | Gate |
| 15:18 | Age | Castle Age |
| 15:20 | Build | Siege Workshop |
| 15:24 | Build | Town Center |
| 15:46 | Build | House |
| 16:14 | Create | Scorpion |
| 16:32 | Create | Villager (Male) |
| 16:50 | Create | Villager (Male) |
| 16:54 | Create | Villager (Male) |
| 17:09 | Create | Villager (Male) |
| 17:16 | Create | Villager (Male) |
| 17:29 | Create | Villager (Male) |
| 17:34 | Create | Villager (Male) |
| 17:36 | Create | Villager (Male) |
| 17:47 | Create | Villager (Male) |
| 18:19 | Create | Mangonel |
| 18:24 | Create | Villager (Male) |
| 20:05 | Build | Mining Camp |
| 20:16 | Create | Villager (Male) |
| 20:49 | Build | Farm |
| 20:49 | Build | Farm |
| 21:27 | Build | Farm |
| 21:28 | Build | Farm |
| 21:28 | Build | Farm |
| 21:29 | Build | Farm |
| 22:02 | Create | Villager (Male) |
| 22:04 | Create | Villager (Male) |
| 22:07 | Create | Villager (Male) |
| 22:17 | Build | House |
| 22:24 | Create | Villager (Male) |
| 22:29 | Create | Villager (Male) |
| 22:36 | Build | Outpost |
| 22:43 | Create | Villager (Male) |
| 23:12 | Create | Mangonel |
| 23:16 | Build | Gate |
| 23:17 | Create | Villager (Male) |
| 23:30 | Build | Farm |
| 23:40 | Build | Farm |
| 23:43 | Build | Farm |
| 23:49 | Create | Villager (Male) |
| 24:05 | Build | House |
| 24:05 | Create | Villager (Male) |
| 24:10 | Build | House |
| 24:11 | Build | House |
| 24:15 | Create | Villager (Male) |
| 24:41 | Create | Villager (Male) |
| 24:45 | Create | Villager (Male) |
| 25:03 | Create | Villager (Male) |
| 25:10 | Create | Villager (Male) |
| 25:12 | Create | Villager (Male) |
| 25:14 | Build | Farm |
| 25:14 | Build | Farm |
| 25:25 | Create | Villager (Male) |
| 25:29 | Build | House |
| 25:30 | Build | House |
| 25:38 | Build | Gate |
| 25:39 | Create | Villager (Male) |
| 25:51 | Create | Villager (Male) |
| 26:22 | Create | Villager (Male) |
| 26:23 | Create | Villager (Male) |
| 26:36 | Create | Mangonel |
| 26:44 | Research | Bow Saw |
| 26:59 | Build | House |
| 27:00 | Build | House |
| 27:00 | Create | Villager (Male) |
| 27:16 | Create | Villager (Male) |
| 27:19 | Build | Farm |
| 27:21 | Build | Lumber Camp |
| 27:26 | Create | Villager (Male) |
| 27:46 | Create | Villager (Male) |
| 28:16 | Create | Villager (Male) |
| 28:17 | Create | Villager (Male) |
| 28:20 | Build | Farm |
| 28:22 | Build | Farm |
| 28:22 | Build | Farm |
| 28:22 | Build | Farm |
| 28:27 | Create | Villager (Male) |
| 28:29 | Build | Lumber Camp |
| 28:31 | Create | Villager (Male) |
| 28:42 | Research | Horse Collar |
| 28:45 | Research | Wheelbarrow |
| 28:45 | Create | Villager (Male) |
| 28:46 | Create | Villager (Male) |
| 28:59 | Build | Mining Camp |
| 29:02 | Create | Villager (Male) |
| 29:10 | Create | Villager (Male) |
| 29:11 | Create | Villager (Male) |
| 29:18 | Create | Villager (Male) |
| 29:21 | Create | Villager (Male) |
| 29:45 | Create | Villager (Male) |
| 29:49 | Create | Villager (Male) |
| 30:22 | Create | Villager (Male) |
| 31:10 | Create | Villager (Male) |
| 31:12 | Create | Villager (Male) |
| 31:15 | Build | House |
| 31:19 | Build | Monastery |
| 31:22 | Build | University |
| 31:34 | Create | Mangonel |
| 31:47 | Research | Imperial Age |
| 31:57 | Create | Villager (Male) |
| 32:01 | Create | Villager (Male) |
Build order — Ux' Krupjm
First 150 of 369 actions detected
| 0:02 | Create | Villager (Male) |
| 0:02 | Create | Villager (Male) |
| 0:02 | Create | Villager (Male) |
| 0:02 | Create | Villager (Male) |
| 0:02 | Create | Villager (Male) |
| 0:04 | Build | House |
| 0:05 | Build | House |
| 1:25 | Create | Villager (Male) |
| 1:25 | Create | Villager (Male) |
| 1:25 | Create | Villager (Male) |
| 2:02 | Create | Villager (Male) |
| 2:06 | Build | Lumber Camp |
| 2:18 | Create | Villager (Male) |
| 2:18 | Create | Villager (Male) |
| 2:19 | Create | Villager (Male) |
| 2:57 | Create | Villager (Male) |
| 3:03 | Build | House |
| 3:19 | Create | Villager (Male) |
| 4:10 | Create | Villager (Male) |
| 4:10 | Create | Villager (Male) |
| 4:10 | Create | Villager (Male) |
| 4:35 | Create | Villager (Male) |
| 4:35 | Create | Villager (Male) |
| 4:36 | Create | Villager (Male) |
| 4:39 | Build | Mill |
| 4:48 | Create | Villager (Male) |
| 4:48 | Create | Villager (Male) |
| 4:48 | Create | Villager (Male) |
| 5:11 | Create | Villager (Male) |
| 5:11 | Create | Villager (Male) |
| 5:12 | Create | Villager (Male) |
| 5:39 | Create | Villager (Male) |
| 5:40 | Create | Villager (Male) |
| 5:53 | Create | Villager (Male) |
| 5:54 | Create | Villager (Male) |
| 5:54 | Create | Villager (Male) |
| 5:55 | Build | House |
| 6:55 | Create | Villager (Male) |
| 7:28 | Create | Villager (Male) |
| 7:51 | Create | Villager (Male) |
| 8:02 | Build | Mining Camp |
| 8:37 | Create | Villager (Male) |
| 8:55 | Research | Feudal Age |
| 9:11 | Create | Villager (Male) |
| 9:11 | Research | Loom |
| 9:16 | Build | House |
| 9:22 | Build | Barracks |
| 10:15 | Build | Mill |
| 11:20 | Age | Feudal Age |
| 11:35 | Build | Blacksmith |
| 11:42 | Build | Stable |
| 12:49 | Build | Market |
| 13:21 | Research | Castle Age |
| 13:48 | Create | Villager (Male) |
| 14:12 | Research | Double-Bit Axe |
| 14:13 | Research | Double-Bit Axe |
| 14:13 | Research | Double-Bit Axe |
| 14:23 | Build | Farm |
| 15:11 | Build | Farm |
| 15:14 | Build | Farm |
| 15:35 | Build | Farm |
| 15:53 | Build | Farm |
| 15:56 | Build | Farm |
| 16:00 | Build | Farm |
| 16:01 | Age | Castle Age |
| 16:06 | Create | Knight |
| 16:06 | Create | Knight |
| 16:06 | Create | Knight |
| 16:06 | Create | Knight |
| 16:07 | Create | Knight |
| 16:11 | Build | House |
| 16:22 | Create | Villager (Male) |
| 16:26 | Build | Farm |
| 16:43 | Create | Villager (Male) |
| 16:47 | Build | Farm |
| 16:57 | Build | Farm |
| 17:04 | Build | House |
| 17:07 | Create | Villager (Male) |
| 17:17 | Build | Farm |
| 17:18 | Create | Villager (Male) |
| 17:37 | Create | Villager (Male) |
| 17:40 | Build | House |
| 17:46 | Build | Farm |
| 17:55 | Build | Farm |
| 17:56 | Create | Villager (Male) |
| 18:20 | Create | Knight |
| 18:20 | Create | Knight |
| 18:30 | Build | Farm |
| 18:43 | Create | Knight |
| 18:52 | Build | Farm |
| 18:52 | Build | Farm |
| 19:18 | Create | Villager (Male) |
| 19:25 | Research | Scale Barding Armor |
| 19:26 | Research | Scale Barding Armor |
| 19:32 | Create | Villager (Male) |
| 19:45 | Build | Farm |
| 19:45 | Build | Farm |
| 19:46 | Build | Farm |
| 20:02 | Create | Villager (Male) |
| 20:07 | Build | Farm |
| 20:07 | Create | Villager (Male) |
| 20:11 | Create | Knight |
| 20:32 | Research | Forging |
| 20:33 | Research | Forging |
| 20:33 | Research | Forging |
| 21:03 | Create | Villager (Male) |
| 21:05 | Create | Knight |
| 21:09 | Build | House |
| 21:10 | Build | House |
| 21:10 | Build | House |
| 21:12 | Create | Villager (Male) |
| 21:50 | Research | Chain Barding Armor |
| 22:10 | Create | Knight |
| 22:11 | Create | Villager (Male) |
| 22:15 | Create | Villager (Male) |
| 22:19 | Build | Town Center |
| 22:25 | Build | House |
| 22:25 | Build | House |
| 22:26 | Build | House |
| 22:26 | Build | House |
| 22:40 | Create | Knight |
| 22:41 | Create | Villager (Male) |
| 22:49 | Create | Villager (Male) |
| 23:36 | Research | Iron Casting |
| 23:41 | Create | Villager (Male) |
| 23:44 | Create | Villager (Male) |
| 23:44 | Create | Villager (Male) |
| 24:02 | Create | Villager (Male) |
| 24:05 | Build | Farm |
| 24:41 | Create | Villager (Male) |
| 24:59 | Build | Castle |
| 26:07 | Create | Knight |
| 26:08 | Create | Knight |
| 26:08 | Create | Knight |
| 26:21 | Create | Villager (Male) |
| 26:31 | Create | Villager (Male) |
| 26:31 | Create | Villager (Male) |
| 26:31 | Create | Villager (Male) |
| 26:38 | Create | Villager (Male) |
| 27:03 | Create | Villager (Male) |
| 27:10 | Create | Villager (Male) |
| 27:15 | Create | Villager (Male) |
| 27:15 | Create | Villager (Male) |
| 27:30 | Create | Villager (Male) |
| 27:32 | Create | Villager (Male) |
| 27:32 | Create | Villager (Male) |
| 27:54 | Create | Knight |
| 27:54 | Create | Knight |
| 28:17 | Create | Villager (Male) |
| 28:25 | Create | Villager (Male) |
Build order — ost.nostalgia
First 150 of 425 actions detected
| 0:03 | Build | House |
| 0:04 | Build | House |
| 0:05 | Create | Villager (Male) |
| 0:05 | Create | Villager (Male) |
| 0:23 | Research | Loom |
| 0:24 | Create | Villager (Male) |
| 0:24 | Create | Villager (Male) |
| 0:24 | Create | Villager (Male) |
| 2:03 | Create | Villager (Male) |
| 2:03 | Create | Villager (Male) |
| 2:36 | Create | Villager (Male) |
| 2:36 | Create | Villager (Male) |
| 2:55 | Build | Palisade Wall |
| 3:09 | Build | Lumber Camp |
| 3:12 | Create | Villager (Male) |
| 3:12 | Create | Villager (Male) |
| 3:12 | Create | Villager (Male) |
| 3:32 | Create | Villager (Male) |
| 3:32 | Create | Villager (Male) |
| 3:44 | Create | Villager (Male) |
| 3:45 | Create | Villager (Male) |
| 3:45 | Create | Villager (Male) |
| 4:17 | Build | House |
| 4:21 | Create | Villager (Male) |
| 4:21 | Create | Villager (Male) |
| 4:21 | Create | Villager (Male) |
| 4:53 | Create | Villager (Male) |
| 4:53 | Create | Villager (Male) |
| 4:54 | Create | Villager (Male) |
| 5:34 | Create | Villager (Male) |
| 5:34 | Create | Villager (Male) |
| 5:35 | Create | Villager (Male) |
| 5:48 | Create | Villager (Male) |
| 5:48 | Create | Villager (Male) |
| 5:48 | Create | Villager (Male) |
| 6:06 | Build | Mill |
| 6:10 | Create | Villager (Male) |
| 6:10 | Create | Villager (Male) |
| 6:10 | Create | Villager (Male) |
| 6:39 | Build | House |
| 6:40 | Create | Villager (Male) |
| 6:41 | Create | Villager (Male) |
| 6:41 | Create | Villager (Male) |
| 6:41 | Create | Villager (Male) |
| 7:06 | Build | Mining Camp |
| 7:59 | Create | Villager (Male) |
| 8:09 | Build | Mining Camp |
| 8:11 | Create | Villager (Male) |
| 8:51 | Create | Villager (Male) |
| 8:59 | Build | House |
| 9:23 | Research | Feudal Age |
| 9:23 | Research | Feudal Age |
| 10:45 | Create | Villager (Male) |
| 10:45 | Create | Villager (Male) |
| 11:29 | Build | Palisade Gate |
| 11:33 | Age | Feudal Age |
| 11:40 | Build | Watch Tower |
| 12:09 | Build | Mill |
| 12:14 | Build | Mill |
| 12:20 | Create | Villager (Male) |
| 12:29 | Create | Villager (Male) |
| 12:35 | Build | Barracks |
| 12:38 | Build | Blacksmith |
| 13:12 | Build | Watch Tower |
| 13:14 | Create | Villager (Male) |
| 13:15 | Create | Villager (Male) |
| 13:25 | Build | Archery Range |
| 13:48 | Create | Villager (Male) |
| 14:18 | Create | Villager (Male) |
| 14:42 | Build | House |
| 14:58 | Build | Mining Camp |
| 15:03 | Research | Castle Age |
| 15:47 | Research | Stone Mining |
| 15:47 | Research | Stone Mining |
| 15:48 | Research | Double-Bit Axe |
| 15:48 | Research | Double-Bit Axe |
| 16:36 | Build | Lumber Camp |
| 16:45 | Create | Archer |
| 16:45 | Create | Archer |
| 17:19 | Create | Villager (Male) |
| 17:19 | Create | Villager (Male) |
| 17:28 | Research | Fletching |
| 17:28 | Research | Fletching |
| 17:43 | Age | Castle Age |
| 17:51 | Create | Villager (Male) |
| 18:02 | Build | Farm |
| 18:04 | Build | Farm |
| 18:06 | Build | Farm |
| 18:09 | Build | Farm |
| 18:47 | Build | Town Center |
| 18:53 | Build | Farm |
| 19:00 | Build | Farm |
| 19:01 | Build | Farm |
| 19:05 | Build | Farm |
| 19:05 | Create | Villager (Male) |
| 19:05 | Create | Villager (Male) |
| 19:32 | Create | Villager (Male) |
| 19:32 | Create | Villager (Male) |
| 19:32 | Create | Villager (Male) |
| 19:34 | Build | Farm |
| 19:47 | Build | Farm |
| 19:53 | Build | Farm |
| 19:54 | Build | Farm |
| 19:55 | Build | Farm |
| 20:04 | Create | Villager (Male) |
| 20:24 | Build | Stone Wall |
| 20:33 | Build | Castle |
| 20:45 | Create | Villager (Male) |
| 20:45 | Create | Villager (Male) |
| 21:04 | Build | Stone Wall |
| 21:43 | Research | Horse Collar |
| 21:43 | Research | Horse Collar |
| 21:43 | Research | Bow Saw |
| 21:43 | Research | Bow Saw |
| 21:47 | Build | Farm |
| 21:56 | Build | Farm |
| 21:57 | Build | Farm |
| 22:05 | Build | House |
| 22:10 | Build | Farm |
| 22:11 | Build | Farm |
| 22:12 | Build | Farm |
| 22:13 | Build | Farm |
| 22:21 | Create | Villager (Male) |
| 22:22 | Create | Villager (Male) |
| 22:23 | Create | Villager (Male) |
| 22:25 | Build | Farm |
| 22:28 | Build | Farm |
| 22:32 | Create | Villager (Male) |
| 22:49 | Create | Villager (Male) |
| 22:53 | Create | Villager (Male) |
| 23:04 | Create | Magyar Huszar |
| 23:04 | Create | Magyar Huszar |
| 23:22 | Create | Villager (Male) |
| 23:24 | Create | Villager (Male) |
| 23:38 | Build | Siege Workshop |
| 23:41 | Create | Magyar Huszar |
| 23:43 | Create | Villager (Male) |
| 23:45 | Create | Villager (Male) |
| 24:14 | Research | Heavy Plow |
| 24:14 | Research | Heavy Plow |
| 24:16 | Create | Villager (Male) |
| 24:18 | Create | Villager (Male) |
| 24:22 | Create | Magyar Huszar |
| 24:22 | Create | Magyar Huszar |
| 24:22 | Create | Magyar Huszar |
| 24:45 | Create | Magyar Huszar |
| 24:45 | Create | Magyar Huszar |
| 24:46 | Create | Magyar Huszar |
| 25:28 | Build | Gate |
| 25:52 | Create | Villager (Male) |
Build order — HernanJC
First 150 of 280 actions detected
| 0:03 | Build | House |
| 0:04 | Build | House |
| 0:06 | Create | Villager (Male) |
| 0:06 | Create | Villager (Male) |
| 0:06 | Create | Villager (Male) |
| 0:06 | Create | Villager (Male) |
| 0:07 | Create | Villager (Male) |
| 0:07 | Create | Villager (Male) |
| 0:07 | Create | Villager (Male) |
| 1:00 | Build | House |
| 1:29 | Build | Palisade Wall |
| 1:38 | Build | Palisade Wall |
| 1:52 | Create | Villager (Male) |
| 1:53 | Create | Villager (Male) |
| 1:53 | Create | Villager (Male) |
| 2:51 | Build | Palisade Wall |
| 2:57 | Build | Palisade Wall |
| 3:04 | Create | Villager (Male) |
| 3:04 | Create | Villager (Male) |
| 3:04 | Create | Villager (Male) |
| 3:04 | Create | Villager (Male) |
| 3:31 | Research | Loom |
| 3:41 | Build | House |
| 3:56 | Create | Villager (Male) |
| 3:57 | Create | Villager (Male) |
| 3:57 | Create | Villager (Male) |
| 4:09 | Build | House |
| 4:38 | Create | Villager (Male) |
| 4:38 | Create | Villager (Male) |
| 4:39 | Create | Villager (Male) |
| 4:39 | Create | Villager (Male) |
| 5:12 | Create | Villager (Male) |
| 5:12 | Create | Villager (Male) |
| 5:12 | Create | Villager (Male) |
| 5:30 | Create | Villager (Male) |
| 5:31 | Create | Villager (Male) |
| 5:31 | Create | Villager (Male) |
| 5:31 | Create | Villager (Male) |
| 5:47 | Create | Villager (Male) |
| 5:47 | Create | Villager (Male) |
| 5:47 | Create | Villager (Male) |
| 6:18 | Create | Villager (Male) |
| 6:18 | Create | Villager (Male) |
| 6:18 | Create | Villager (Male) |
| 6:18 | Create | Villager (Male) |
| 6:44 | Create | Villager (Male) |
| 6:44 | Create | Villager (Male) |
| 6:44 | Create | Villager (Male) |
| 6:52 | Build | Lumber Camp |
| 7:07 | Create | Villager (Male) |
| 7:08 | Create | Villager (Male) |
| 7:27 | Create | Villager (Male) |
| 7:27 | Create | Villager (Male) |
| 7:28 | Create | Villager (Male) |
| 7:46 | Create | Villager (Male) |
| 8:38 | Build | Palisade Wall |
| 8:48 | Build | Mining Camp |
| 8:58 | Create | Villager (Male) |
| 8:59 | Create | Villager (Male) |
| 9:37 | Create | Villager (Male) |
| 9:37 | Create | Villager (Male) |
| 9:38 | Create | Villager (Male) |
| 9:38 | Create | Villager (Male) |
| 9:38 | Create | Villager (Male) |
| 9:56 | Build | House |
| 10:02 | Build | Mill |
| 10:21 | Create | Villager (Male) |
| 11:04 | Create | Villager (Male) |
| 11:26 | Research | Feudal Age |
| 12:13 | Build | Mining Camp |
| 13:09 | Create | Villager (Male) |
| 13:22 | Build | House |
| 13:39 | Age | Feudal Age |
| 13:52 | Build | Watch Tower |
| 14:00 | Create | Villager (Male) |
| 14:11 | Create | Villager (Male) |
| 14:11 | Create | Villager (Male) |
| 14:29 | Research | Double-Bit Axe |
| 15:28 | Build | Mining Camp |
| 15:56 | Build | Watch Tower |
| 16:13 | Create | Villager (Male) |
| 16:13 | Create | Villager (Male) |
| 16:17 | Build | House |
| 16:30 | Build | Palisade Wall |
| 16:35 | Build | Palisade Wall |
| 16:44 | Build | Palisade Wall |
| 17:06 | Build | Palisade Wall |
| 17:08 | Build | Palisade Wall |
| 17:10 | Build | Palisade Wall |
| 17:14 | Build | Palisade Wall |
| 17:53 | Build | Mill |
| 17:56 | Build | Farm |
| 17:56 | Build | Farm |
| 17:59 | Create | Villager (Male) |
| 18:00 | Create | Villager (Male) |
| 18:30 | Build | House |
| 18:50 | Create | Villager (Male) |
| 18:52 | Build | Farm |
| 19:41 | Build | Watch Tower |
| 19:59 | Build | Farm |
| 20:06 | Build | Blacksmith |
| 20:11 | Build | House |
| 20:59 | Build | Watch Tower |
| 21:02 | Create | Villager (Male) |
| 21:02 | Create | Villager (Male) |
| 21:07 | Build | Farm |
| 21:21 | Build | Market |
| 21:24 | Create | Villager (Male) |
| 21:44 | Build | Blacksmith |
| 22:13 | Create | Villager (Male) |
| 22:16 | Build | Farm |
| 22:20 | Build | Farm |
| 22:23 | Build | Farm |
| 22:29 | Create | Villager (Male) |
| 22:35 | Research | Castle Age |
| 23:11 | Research | Horse Collar |
| 24:03 | Research | Town Watch |
| 24:05 | Research | Wheelbarrow |
| 24:11 | Research | Fletching |
| 24:11 | Research | Padded Archer Armor |
| 24:19 | Build | Farm |
| 25:13 | Build | Watch Tower |
| 25:22 | Age | Castle Age |
| 25:27 | Research | Bodkin Arrow |
| 26:23 | Build | Watch Tower |
| 26:32 | Create | Villager (Male) |
| 26:32 | Create | Villager (Male) |
| 26:36 | Build | Town Center |
| 26:38 | Create | Villager (Male) |
| 26:48 | Research | Padded Archer Armor |
| 27:27 | Build | University |
| 27:48 | Create | Villager (Male) |
| 27:53 | Create | Villager (Male) |
| 27:53 | Create | Villager (Male) |
| 28:15 | Build | House |
| 28:22 | Create | Villager (Male) |
| 28:22 | Create | Villager (Male) |
| 28:29 | Build | Lumber Camp |
| 28:59 | Build | Town Center |
| 29:13 | Create | Villager (Male) |
| 29:13 | Create | Villager (Male) |
| 29:13 | Create | Villager (Male) |
| 29:13 | Create | Villager (Male) |
| 29:23 | Research | Chemistry |
| 29:32 | Create | Villager (Male) |
| 29:32 | Create | Villager (Male) |
| 29:33 | Create | Villager (Male) |
| 29:51 | Create | Villager (Male) |
| 29:52 | Create | Villager (Male) |
| 29:52 | Create | Villager (Male) |
Match timeline
| 0:48 | Zaphod · wall_segment Palisade Wall x10 |
| 1:03 | CTM | Crawly94 · wall_segment Palisade Wall x1 |
| 1:29 | HernanJC · wall_segment Palisade Wall x1 |
| 1:38 | HernanJC · wall_segment Palisade Wall x1 |
| 2:24 | Zaphod · wall_segment Palisade Wall x2 |
| 2:27 | Zaphod · wall_segment Palisade Wall x3 |
| 2:51 | HernanJC · wall_segment Palisade Wall x6 |
| 2:55 | ost.nostalgia · wall_segment Palisade Wall x4 |
| 2:57 | HernanJC · wall_segment Palisade Wall x5 |
| 7:10 | CTM | Benja FC · first_building Barracks |
| 8:38 | HernanJC · wall_segment Palisade Wall x1 |
| 9:22 | Ux' Krupjm · first_building Barracks |
| 10:06 | «I ↔¾♣ · age_up feudal |
| 10:19 | Сергей Петрович · age_up feudal |
| 10:21 | CTM | Benja FC · age_up feudal |
| 10:23 | CTM | Benja FC · first_building Archery Range |
| 11:20 | Zaphod · age_up feudal |
| 11:20 | Ux' Krupjm · age_up feudal |
| 11:33 | ost.nostalgia · age_up feudal |
| 11:42 | Ux' Krupjm · first_building Stable |
| 11:59 | CTM | Crawly94 · age_up feudal |
| 12:31 | CTM | Crawly94 · wall_segment Stone Wall x1 |
| 12:34 | CTM | Crawly94 · wall_segment Stone Wall x1 |
| 12:35 | ost.nostalgia · first_building Barracks |
| 12:38 | CTM | Crawly94 · wall_segment Stone Wall x4 |
| 13:25 | ost.nostalgia · first_building Archery Range |
| 13:26 | CTM | Crawly94 · wall_segment Stone Wall x7 |
| 13:39 | HernanJC · age_up feudal |
| 14:38 | Zaphod · wall_segment Stone Wall x12 |
| 14:43 | Zaphod · wall_segment Stone Wall x3 |
| 15:18 | Zaphod · age_up castle |
| 15:20 | Zaphod · first_building Siege Workshop |
| 15:21 | Сергей Петрович · age_up castle |
| 15:37 | Сергей Петрович · first_building Barracks |
| 16:01 | Ux' Krupjm · age_up castle |
| 16:19 | Сергей Петрович · first_building Archery Range |
| 16:24 | CTM | Crawly94 · age_up castle |
| 16:26 | CTM | Crawly94 · first_building Monastery |
| 16:30 | HernanJC · wall_segment Palisade Wall x5 |
| 16:35 | HernanJC · wall_segment Palisade Wall x2 |
| 16:44 | HernanJC · wall_segment Palisade Wall x4 |
| 16:59 | «I ↔¾♣ · age_up castle |
| 17:06 | HernanJC · wall_segment Palisade Wall x1 |
| 17:07 | Сергей Петрович · wall_segment Stone Wall x1 |
| 17:08 | «I ↔¾♣ · first_building Castle |
| 17:08 | HernanJC · wall_segment Palisade Wall x1 |
| 17:10 | HernanJC · wall_segment Palisade Wall x1 |
| 17:12 | Сергей Петрович · wall_segment Stone Wall x1 |
| 17:13 | Сергей Петрович · wall_segment Stone Wall x1 |
| 17:14 | HernanJC · wall_segment Palisade Wall x1 |
| 17:25 | CTM | Crawly94 · first_building Siege Workshop |
| 17:43 | ost.nostalgia · age_up castle |
| 18:15 | Zaphod · first_market_sell 100 food |
| 18:15 | Zaphod · first_market_buy 100 wood |
| 20:24 | ost.nostalgia · wall_segment Stone Wall x5 |
| 20:33 | ost.nostalgia · first_building Castle |
| 21:04 | ost.nostalgia · wall_segment Stone Wall x5 |
| 21:41 | «I ↔¾♣ · first_building Stable |
| 22:01 | Сергей Петрович · tribute_sent a jugador 1 |
| 22:01 | Сергей Петрович · tribute_sent a jugador 2 |
| 22:01 | Сергей Петрович · tribute_sent a jugador 4 |
| 22:01 | Сергей Петрович · tribute_sent a jugador 5 |
| 22:01 | Сергей Петрович · tribute_sent a jugador 6 |
| 22:01 | Сергей Петрович · tribute_sent a jugador 7 |
| 22:01 | Сергей Петрович · tribute_sent a jugador 8 |
| 23:38 | ost.nostalgia · first_building Siege Workshop |
| 23:59 | CTM | Benja FC · age_up castle |
| 24:03 | Сергей Петрович · tribute_sent a jugador 1 |
| 24:03 | Сергей Петрович · tribute_sent a jugador 2 |
| 24:03 | Сергей Петрович · tribute_sent a jugador 4 |
| 24:03 | Сергей Петрович · tribute_sent a jugador 5 |
| 24:03 | Сергей Петрович · tribute_sent a jugador 6 |
| 24:03 | Сергей Петрович · tribute_sent a jugador 7 |
| 24:03 | Сергей Петрович · tribute_sent a jugador 8 |
| 24:47 | Ux' Krupjm · first_market_buy 100 stone |
| 24:50 | Ux' Krupjm · first_market_sell 100 food |
| 24:59 | Ux' Krupjm · first_building Castle |
| 25:00 | CTM | Benja FC · first_building Siege Workshop |
| 25:22 | HernanJC · age_up castle |
| 25:31 | CTM | Crawly94 · wall_segment Stone Wall x1 |
| 26:06 | CTM | Benja FC · first_building Monastery |
| 26:52 | CTM | Benja FC · wall_segment Palisade Wall x8 |
| 26:54 | CTM | Benja FC · wall_segment Palisade Wall x8 |
| 27:04 | CTM | Crawly94 · wall_segment Stone Wall x13 |
| 27:17 | Сергей Петрович · first_building Stable |
| 27:37 | CTM | Crawly94 · first_market_sell 100 wood |
| 27:37 | Сергей Петрович · first_building Monastery |
| 27:37 | CTM | Crawly94 · first_market_buy 100 stone |
| 28:21 | Сергей Петрович · tribute_sent a jugador 1 |
| 28:21 | Сергей Петрович · tribute_sent a jugador 2 |
| 28:21 | Сергей Петрович · tribute_sent a jugador 4 |
| 28:21 | Сергей Петрович · tribute_sent a jugador 5 |
| 28:21 | Сергей Петрович · tribute_sent a jugador 6 |
| 28:21 | Сергей Петрович · tribute_sent a jugador 7 |
| 28:21 | Сергей Петрович · tribute_sent a jugador 8 |
| 29:17 | HernanJC · first_market_buy 100 food |
| 31:19 | CTM | Benja FC · first_market_buy 100 stone |
| 31:19 | Zaphod · first_building Monastery |
| 31:38 | HernanJC · first_building Castle |
| 31:42 | ost.nostalgia · wall_segment Stone Wall x1 |
| 32:29 | «I ↔¾♣ · first_building Monastery |
| 33:21 | «I ↔¾♣ · first_market_buy 100 stone |
| 33:21 | ost.nostalgia · age_up imperial |
| 33:22 | Zaphod · first_building Castle |
| 34:09 | Сергей Петрович · age_up imperial |
| 34:30 | HernanJC · first_market_sell 100 wood |
| 34:57 | Zaphod · age_up imperial |
| 34:57 | HernanJC · first_building Siege Workshop |
| 36:29 | Ux' Krupjm · first_building Monastery |
| 36:57 | CTM | Crawly94 · wall_segment Stone Wall x1 |
| 37:03 | CTM | Benja FC · age_up imperial |
| 37:12 | Ux' Krupjm · age_up imperial |
| 37:54 | HernanJC · age_up imperial |
| 38:01 | ost.nostalgia · first_building Stable |
| 39:29 | CTM | Crawly94 · first_building Castle |
| 39:30 | Zaphod · first_building Barracks |
| 39:36 | CTM | Benja FC · wall_segment Palisade Wall x1 |
| 41:20 | «I ↔¾♣ · age_up imperial |
| 41:41 | CTM | Benja FC · first_building Castle |
| 41:48 | Zaphod · first_building Archery Range |
| 42:06 | Сергей Петрович · first_market_sell 100 food |
| 42:09 | Сергей Петрович · first_market_buy 100 stone |
| 42:21 | Сергей Петрович · first_building Castle |
| 42:27 | HernanJC · first_building Barracks |
| 44:17 | Сергей Петрович · tribute_sent a jugador 1 |
| 44:17 | Сергей Петрович · tribute_sent a jugador 2 |
| 44:17 | Сергей Петрович · tribute_sent a jugador 4 |
| 44:17 | Сергей Петрович · tribute_sent a jugador 5 |
| 44:17 | Сергей Петрович · tribute_sent a jugador 6 |
| 44:17 | Сергей Петрович · tribute_sent a jugador 7 |
| 44:17 | Сергей Петрович · tribute_sent a jugador 8 |
| 46:34 | CTM | Benja FC · first_building Stable |
| 47:18 | Сергей Петрович · tribute_sent a jugador 1 |
| 47:18 | Сергей Петрович · tribute_sent a jugador 2 |
| 47:18 | Сергей Петрович · tribute_sent a jugador 4 |
| 47:18 | Сергей Петрович · tribute_sent a jugador 5 |
| 47:18 | Сергей Петрович · tribute_sent a jugador 6 |
| 47:18 | Сергей Петрович · tribute_sent a jugador 7 |
| 47:18 | Сергей Петрович · tribute_sent a jugador 8 |
| 47:51 | «I ↔¾♣ · first_market_sell 500 food |
| 48:21 | CTM | Crawly94 · wall_segment Stone Wall x11 |
| 49:26 | Сергей Петрович · tribute_sent a jugador 1 |
| 49:26 | Сергей Петрович · tribute_sent a jugador 2 |
| 49:26 | Сергей Петрович · tribute_sent a jugador 4 |
| 49:26 | Сергей Петрович · tribute_sent a jugador 5 |
| 49:26 | Сергей Петрович · tribute_sent a jugador 6 |
| 49:26 | Сергей Петрович · tribute_sent a jugador 7 |
| 49:26 | Сергей Петрович · tribute_sent a jugador 8 |
| 49:39 | CTM | Crawly94 · age_up imperial |
| 49:45 | Сергей Петрович · tribute_sent a jugador 1 |
| 49:45 | Сергей Петрович · tribute_sent a jugador 2 |
| 49:45 | Сергей Петрович · tribute_sent a jugador 4 |
| 49:45 | Сергей Петрович · tribute_sent a jugador 5 |
| 49:45 | Сергей Петрович · tribute_sent a jugador 6 |
| 49:45 | Сергей Петрович · tribute_sent a jugador 7 |
| 49:45 | Сергей Петрович · tribute_sent a jugador 8 |
| 50:20 | HernanJC · wall_segment Stone Wall x8 |
| 50:30 | HernanJC · wall_segment Stone Wall x7 |
| 50:57 | CTM | Crawly94 · resign |
| 51:11 | HernanJC · wall_segment Stone Wall x1 |
[ AI ANALYSIS · 1 CREDIT ]
What really happened in this match?
Wolo.gg analyzes every decision: build order, eco, micro, common mistakes by bracket. Personalized analysis on WhatsApp or Discord in 30 seconds.
Civ guide
Khmer
Perfil
LordRika